 Dungeon Crawl Stone Soup version 0.29-a0-275-g389c0b56f3 (webtiles) character file.

Game seed: 11646365828601176193

214 YayAnonymity the Magician (level 5, -2/28 HPs)
             Began as a Deep Elf Conjurer on Mar 13, 2022.
             Slain by an orc wizard
             ... wielding a +0 dagger
              (4 damage)
             ... on level 4 of the Dungeon.
             The game lasted 00:06:44 (3274 turns).

YayAnonymity the Magician (Deep Elf Conjurer)       Turns: 3274, Time: 00:06:45

Health: -2/28      AC:  9    Str:  4    XL:     5   Next: 59%
Magic:  7/15       EV: 11    Int: 25    God:
Gold:   95         SH:  0    Dex: 13    Spells: 12/15 levels left

rFire   . . .      SeeInvis .   g - staff of death
rCold   . . .      Faith    .   (no shield)
rNeg    + . .      Spirit   .   n - +0 leather armour
rPois   .          Reflect  .   d - +0 helmet
rElec   .          Harm     .   (no cloak)
rCorr   .          Rampage  .   (no gloves)
Will    .....                   m - +0 pair of boots
Stlth   ++........              (no amulet)
HPRegen 0.09/turn               j - +4 ring of protection
MPRegen 0.14/turn               (no ring)

@: about to teleport
A: no striking features
a: no special abilities


You were on level 4 of the Dungeon.
You visited 1 branch of the dungeon, and saw 4 of its levels.

You collected 95 gold pieces.

Inventory:

Armour
 d - a +0 helmet (worn)
 m - a +0 pair of boots (worn)
 n - a +0 leather armour (worn)
Magical Staves
 g - a staff of death (weapon)
Jewellery
 j - a +4 ring of protection (left hand)
Scrolls
 c - a scroll of immolation
 o - a scroll of fog {unknown}
Potions
 b - a potion of magic
 e - a potion of haste
 i - a potion of heal wounds


   Skills:
 + Level 1.9 Staves
 - Level 2.4 Dodging
 - Level 3.0 Stealth
 * Level 5.5 Spellcasting
 + Level 5.2 Conjurations
 + Level 2.2 Evocations


You had 12 spell levels left.
You knew the following spells:

 Your Spells              Type           Power      Damage    Failure   Level
a - Magic Dart            Conj           100%       1d8       1%          1
b - Searing Ray           Conj           66%        2d6       2%          2

Your spell library contained the following spells:

 Spells                   Type           Power      Damage    Failure   Level
 Static Discharge         Conj/Air       19%        N/A       8%          2
 Sandblast                Erth           12%        2d6       14%         1
 Dazzling Flash           Conj/Hex       38%        N/A       14%         3
 Stone Arrow              Conj/Erth      38%        3d9       14%         3
 Passwall                 Tmut/Erth      5%         N/A       22%         2
 Fulminant Prism          Conj/Hex       9%         3d7       43%         4
 Iskenderun's Mystic Bla  Conj/Tloc      19%        2d6       43%         4
 Sticky Flame             Conj/Fire      19%        2d4       43%         4
 Dispel Undead            Necr           10%        3d9       80%         4


Dungeon Overview and Level Annotations

Branches:
Dungeon (4/15)
 Temple: D:4-7

Altars:

Annotations:
D:1 1 transporter


Message History

Something hits you.
You hit the orc wizard. Your punch misses the orc wizard.
The orc wizard is lightly wounded.
You feel less confused. Something hits you but does no damage.
The orc wizard hits you but does no damage.
The orc closely misses you.
You closely miss the orc wizard.
The orc wizard is lightly wounded.
The orc wizard hits you but does no damage.
The orc hits you but does no damage.
You hear some strange, mumbled words.
A puff of flame appears from out of thin air!
The puff of flame hits you.
You hit something but do no damage. The orc wizard misses you.
Something hits you. The orc hits you but does no damage.
Something hits you but does no damage. The orc wizard barely misses you.
The orc attacks as you move away! The orc barely misses you.
The orc wizard gestures at you while chanting.
You are confused.
You bump into the rock wall.
The orc wizard gestures at you while chanting.
You resist with some effort.
There is a stone staircase leading up here.
The orc wizard closely misses you. Something hits you.
In your confused state, you trip and fall back down the stairs.
You feel less confused.
The orc wizard hits you but does no damage.
Something hits you.
* * * LOW HITPOINT WARNING * * *
The orc hits you with a +0 dagger.
* * * LOW HITPOINT WARNING * * *
As you read the scroll of teleportation, it crumbles to dust.
You feel strangely unstable.
The orc wizard hits you with a +0 dagger.
* * * LOW HITPOINT WARNING * * *
Something hits you but does no damage. The orc hits you but does no damage.
Something hits you but does no damage.
The orc wizard hits you with a +0 dagger.
You die...

******,,,,,,,.......,,,,*
,,,,,,,,,*,*#.#......,,,* ***
*****,,,,*,...#...####,,*******,,
***,,,,,,,..#*#.....,,,,*,,,,,,,*
,,,,,,,,,,..* #....###*,*,*****,*
***,,,,,,,,,* *......,,,*,**,,,,,
,,,,,,,,,**** *#...#*****,**,,*,*
*,,,,,,,,* #...# *,,,*,***
*,****,,,** #@..# *****,,*,
*,,,,,,,.,* #.o.# *######,***
*,*,,,,,#.######<..####.....#,,*,
*,*,,*,,#.......o.........#^#,***
,,,,,,,,.................)..#,,*,
*,,,,,*,....................#,*,*
*******,..######...####..#..#,***
,,,,*****,* #...# *.....#,,*,
****,*,,*** #..)# *#.#.##*,,,


You could see an orc wizard and an orc.

Vanquished Creatures
  A scorpion (D:4)
  An iguana (D:3)
  Terence (D:2)
  4 adders
  A worm (D:2)
  2 dart slugs
  3 orcs (D:3)
  5 endoplasms
  5 giant cockroaches
  5 goblins
  7 hobgoblins
  4 jackals (D:1)
  2 quokkas
  4 ball pythons
  3 bats
  5 frilled lizards
  4 kobolds
  5 rats
62 creatures vanquished.

Notes
Turn   | Place    | Note
-------+----------+-------------------------------------------
     0 | D:1      | YayAnonymity the Deep Elf Conjurer began the quest for the
                  | Orb.
     0 | D:1      | Reached XP level 1. HP: 10/10 MP: 6/6
   310 | D:1      | Reached XP level 2. HP: 15/15 MP: 5/8
   635 | D:1      | Learned a level 2 spell: Searing Ray
   881 | D:1      | Reached XP level 3. HP: 19/19 MP: 8/10
  1448 | D:2      | Reached skill level 1 in Evocations
  1794 | D:2      | Noticed Terence
  1810 | D:2      | Killed Terence
  1811 | D:2      | Reached skill level 1 in Staves
  1811 | D:2      | Reached XP level 4. HP: 24/24 MP: 4/12
  2333 | D:2      | You fall into a shaft and drop 1 floor!
  2555 | D:3      | Reached skill level 5 in Conjurations
  2606 | D:3      | Found a faded altar of an unknown god.
  2665 | D:3      | Reached skill level 5 in Spellcasting
  2759 | D:3      | Reached XP level 5. HP: 28/28 MP: 7/14
  3274 | D:4      | Slain by an orc wizard

Illustrated notes

Levels and vault maps discovered:
D:1:      spicycebolla_arrival_teleporter_tutorial, layout_basic
D:2:      layout_basic, dk_vineyard_2, uniq_terence
D:3:      layout_basic, basic_ecumenical_altar
D:4:      minmay_chambers_of_fours, layout_loops_cross,
          nicolae_ossuary_entry_ruins, dreamdust_princess_bridge,
          minmay_small_thing

Skill      XL: |  1  2  3  4  5 |
---------------+----------------+-----
Stealth        | 3 |  3.0
Spellcasting   | 4 5 |  5.5
Evocations     | 1 2 |  2.2
Staves         | 1 |  1.9
Conjurations   | 5 |  5.2
Dodging        | |  2.4

Action                   |  1- 3 |  4- 6 || total
-------------------------+-------+-------++-------
Melee: Unarmed           |     7 |       ||     7
       Punch             |     1 |       ||     1
       Staff             |       |     3 ||     3
 Cast: Magic Dart        |    73 |    49 ||   122
       Searing Ray       |     3 |     4 ||     7
  Use: Scroll            |       |     8 ||     8
Armor: Robe              |     3 |       ||     3
       Leather armour    |       |    14 ||    14
Dodge: Dodged            |    24 |     8 ||    32

Table legend: (Time is in decaauts)
 A = Elapsed time spent in this place.
 B = Non-inter-level travel time spent in this place.
 C = Inter-level travel time spent in this place.
 D = Time resting spent in this place.
 E = Time spent auto-exploring this place.
 F = Levels seen in this place.
 G = Mean time per level.
                   A        B        C        D        E       F      G
               +--------+--------+--------+--------+--------+-----+--------+
         Total |   3274 |   3260 |     14 |     50 |   2785 |   4 |  818.5 |
       Dungeon |   3274 |   3260 |     14 |     50 |   2785 |   4 |  818.5 |
               +--------+--------+--------+--------+--------+-----+--------+

Top non-repeatable levels by time:
     D:1: 1183 daAuts
     D:2: 1150 daAuts
     D:3: 870 daAuts
     D:4: 70 daAuts
